Map: Lightshade LE

Players

A.I. 2 (Medium) - Winner!

  • Race: Terran Terran

ViBE

  • Race: Terran Terran
  • League: Master

VOD

Have the link to the VOD?

Description

Time

  • Played on: May 7, 2021, 5:35 p.m.
  • Length: 10:14
Show
View Real Time Build Order
Export as new Build Order

A.I. 2 (Medium) Terran - Winner!

Build Orders:  

Get SALT Encoding   

  12  0:00  SCV  
  13  0:13  SCV  
  14  0:18  Supply Depot  
  14  0:25  SCV  
  15  0:40  SCV  
  15  0:42  Barracks  
  16  0:47  Refinery  
  16  0:52  SCV  
  17  1:04  SCV  
  18  1:16  Supply Depot  
  18  1:30  Marine  
  18  1:31  Barracks, Orbital Command  
  19  1:41  Refinery  
  19  1:49  Barracks Tech Lab  
  19  2:07  Marine  
  20  2:09  Supply Depot  
  20  2:21  Marine  
  21  2:34  Marine  
  22  2:44  Supply Depot  
  22  2:48  Marine  
  23  2:52  SCV  
  24  3:02  Marine  
  24  3:04  SCV  
  26  3:05  Engineering Bay  
  26  3:17  SCV  
  27  3:20  Marauder  
  29  3:29  Marine, SCV  
  31  3:41  SCV  
  32  3:43  Marauder  
  32  3:44  Supply Depot  
  34  3:53  SCV  
  35  4:04  Marauder  
  37  4:26  Marauder  
  39  4:47  Marauder  
  41  5:58  SCV  
  41  6:34  Barracks Tech Lab, Marine  
  41  6:38  Factory  
  42  6:41  Factory  
  42  6:42  Missile Turret  
  42  6:43  Missile Turret  
  42  6:46  Ghost Academy  
  42  6:48  Supply Depot  
  42  6:52  Marine  
  42  6:54  Sensor Tower  
  43  6:55  Marine  
  43  6:57  Barracks  
  40  7:04  Bunker  
  40  7:10  Marauder  
  40  7:14  Marine  
  39  7:15  Command Center  
  32  7:26  Starport, Factory Tech Lab x2  
  32  7:28  Armory  
  32  7:31  Ghost  
  32  7:34  Marine  
  35  7:43  Marine  
  36  7:52  Marine  
  37  8:01  Marine  
  37  8:03  Barracks Reactor  
  37  8:04  Starport Tech Lab  
  38  8:10  Marine  
  39  8:19  Marauder  
  39  8:22  Raven  
  41  8:28  SCV, Marine  
  41  8:31  SCV  
  44  8:38  Refinery  
  44  8:39  Missile Turret  
  44  8:41  Marauder, SCV  
  47  8:43  Missile Turret  
  47  8:44  SCV  
  47  8:45  Refinery  
  47  8:46  Marauder  
  50  8:53  SCV  
  51  8:56  SCV  
  52  9:03  Bunker  
  52  9:04  Raven  
  52  9:05  SCV  
  52  9:08  SCV  
  55  9:17  SCV  
  55  9:20  SCV  
  57  9:29  SCV  
  58  9:32  SCV  
  59  9:41  SCV  
  59  9:44  SCV  
  61  9:53  SCV  
  61  9:55  Marine  
  61  9:56  SCV  
  43  10:12  Supply Depot  
Show
View Real Time Build Order
Export as new Build Order

ViBE Terran 

Build Orders:  

Get SALT Encoding   

  12  0:00  SCV  
  13  0:12  SCV  
  14  0:17  Supply Depot  
  14  0:24  SCV  
  15  0:38  Refinery  
  15  0:39  SCV  
  16  0:44  Barracks  
  16  0:51  SCV  
  17  1:03  SCV  
  18  1:09  Refinery  
  18  1:15  SCV  
  19  1:27  SCV  
  20  1:38  Reaper  
  22  1:45  Orbital Command  
  21  1:50  Supply Depot  
  21  1:53  Factory  
  21  2:10  Reaper  
  22  2:18  Command Center  
  22  2:21  SCV  
  23  2:33  SCV  
  24  2:38  Starport  
  26  2:44  Hellion  
  26  2:45  SCV  
  26  2:46  Reaper  
  28  2:57  SCV  
  29  3:06  Hellion  
  31  3:26  Supply Depot  
  31  3:27  Factory Tech Lab, Starport Tech Lab  
  31  3:30  SCV  
  32  3:34  Orbital Command  
  32  3:35  Barracks Reactor  
  32  3:42  SCV  
  33  3:49  Cyclone  
  33  3:54  SCV  
  37  3:59  Command Center  
  37  4:01  Raven  
  39  4:05  SCV  
  39  4:06  SCV  
  41  4:11  Marine x2  
  43  4:17  SCV  
  43  4:18  SCV  
  45  4:29  SCV  
  45  4:30  SCV  
  45  4:31  Siege Tank  
  50  4:33  Marine x2  
  50  4:37  Barracks  
  52  4:40  Barracks  
  52  4:45  SCV x2  
  54  4:57  Starport Reactor  
  54  5:03  Barracks  
  54  5:09  Supply Depot x2  
  54  5:11  Orbital Command, Siege Tank, SCV x2  
  59  5:16  Stimpack  
  59  5:23  SCV x2  
  59  5:27  Marine  
  62  5:35  SCV x2  
  64  5:37  SCV  
  65  5:43  Starport Reactor  
  65  5:44  Marine x2  
  65  5:45  Marine  
  65  5:47  SCV x2  
  65  5:49  SCV  
  72  5:52  Refinery x2  
  72  5:54  Supply Depot  
  72  5:55  Supply Depot  
  72  5:59  SCV x2  
  72  6:00  Barracks Reactor  
  72  6:02  Marine x2  
  72  6:03  Orbital Command  
  75  6:11  SCV x2  
  77  6:20  Engineering Bay, Marine x2  
  77  6:21  Engineering Bay, Marine x3  
  82  6:28  Medivac  
  82  6:29  Medivac  
  82  6:30  Siege Tank  
  82  6:32  SCV x3  
  92  6:40  Supply Depot  
  92  6:41  Supply Depot  
  92  6:42  Supply Depot  
  92  6:44  SCV x3  
  95  6:49  Terran Infantry Armor Level 1, Terran Infantry Weapons Level 1  
  95  6:53  Supply Depot x2  
  94  6:56  SCV x3, Supply Depot, Combat Shield  
  94  6:57  Marine x2  
  94  6:58  Marine  
  97  7:01  Marine  
  97  7:02  Marine x3  
  97  7:04  Siege Tank  
  102  7:10  SCV x3  
  102  7:12  Refinery  
  102  7:13  Refinery  
  104  7:19  Supply Depot x2  
  104  7:21  Marine x7  
  104  7:22  SCV x2  
  113  7:24  SCV  
  114  7:31  Viking x2  
  114  7:34  SCV x2  
  120  7:37  Barracks  
  120  7:39  Factory  
  120  7:41  Siege Tank  
  123  7:47  SCV x2  
  123  7:50  Armory  
  125  7:54  Marine x5  
  125  7:55  Marine x2  
  132  8:01  Viking x2  
  132  8:04  Supply Depot  
  136  8:07  Supply Depot  
  136  8:14  Marine x6  
  136  8:15  Marine  
  143  8:20  Siege Tank  
  146  8:30  Factory Tech Lab  
  146  8:31  Viking, Marine  
  146  8:32  Marine x5  
  155  8:41  Marine  
  156  8:43  Barracks Reactor  
  155  8:50  Marine x2  
  155  8:51  Supply Depot, Marine  
  155  8:52  Supply Depot  
  158  8:56  Siege Tank  
  158  8:58  Siege Tank  
  164  9:06  Marine  
  164  9:07  Marine x3  
  164  9:08  Viking, Marine x2  
  164  9:09  Viking  
  174  9:15  Marine  
  175  9:23  Marine  
  176  9:24  Marine x2  
  176  9:25  Marine x3  
  176  9:27  Marine x2  
  176  9:28  Siege Tank  
  176  9:30  Siege Tank  
  189  9:32  Marine  
  190  9:39  Command Center  
  190  9:41  Marine  
  190  9:42  Marine  
  192  9:48  Marine x5  
  197  9:55  SCV  
Tags
 
League
Master
Matchup
TvT
Player
ViBE
Race
Terran
Add a new tag
Caveats
  • Supply blocks, unpowered buildings, or Contaminate may cause inaccurate times.
  • Supply counts are checked every 10 seconds.